 Dungeon Crawl Stone Soup version 0.28-a0-95-g65e1ffefe4 (webtiles) character file.

Game seed: 12646437929940037768

17 Houston the Digger (level 2, -1/22 HPs)
             Began as a Deep Dwarf Earth Elementalist on Aug 8, 2021.
             Slain by a hobgoblin (2 damage)
             ... on level 2 of the Dungeon.
             The game lasted 00:07:17 (1293 turns).

Houston the Digger (Deep Dwarf Earth Elementalist)  Turns: 1293, Time: 00:07:17

Health: -1/22      AC:  2    Str: 11    XL:     2   Next: 44%
Magic:  5/5        EV: 12    Int: 15    God:
Gold:   43         SH:  0    Dex: 13    Spells: 4/5 levels left

rFire   . . .      SeeInvis .   e - +0 club
rCold   . . .      Faith    .   (no shield)
rNeg    . . .      Spirit   .   b - +0 robe
rPois   .          Reflect  .   (no helmet)
rElec   .          Harm     .   (no cloak)
rCorr   .          Rampage  .   (no gloves)
Will    .....                   (no boots)
Stlth   ++........              g - amulet of the acrobat
HPRegen 0.00/turn               (no ring)
MPRegen 0.09/turn               (no ring)

@: no status effects
A: damage resistance, heal wounds, sense surroundings 1, no regeneration
a: Heal Wounds


You were on level 2 of the Dungeon.
You visited 1 branch of the dungeon, and saw 2 of its levels.

You collected 43 gold pieces.

Inventory:

Hand Weapons
 e - a +0 club (weapon)
 f - a +0 dagger
Missiles
 c - 55 stones (quivered)
 d - 18 bolts
 i - 13 sling bullets
Armour
 b - a +0 robe (worn)
Jewellery
 g - an amulet of the acrobat (around neck)
Scrolls
 k - 2 scrolls of vulnerability {unknown}
 l - a scroll of identify {unknown}
 m - a scroll of teleportation {unknown}
Potions
 a - a potion of haste {unknown}
 h - a potion of heal wounds {unknown}
 j - 2 potions of mutation {unknown}


   Skills:
 + Level 2.4 Dodging
 + Level 2.8 Stealth
 + Level 2.0 Spellcasting
 + Level 1.2 Transmutations
 + Level 4.2 Earth Magic


You had 4 spell levels left.
You knew the following spells:

 Your Spells              Type           Power      Damage    Failure   Level
a - Sandblast             Erth           28%        2d8       3%          1

Your spell library contained the following spells:

 Spells                   Type           Power      Damage    Failure   Level
 Passwall                 Tmut/Erth      7%         N/A       11%         2
 Stone Arrow              Conj/Erth      14%        3d7       28%         3
 Slow                     Hex            1%         N/A       32%         2
 Confusing Touch          Hex            1%         N/A       54%         3
 Petrify                  Tmut/Erth      9%         N/A       56%         4
 Yara's Violent Unravell  Hex/Tmut       1%         3d3       99%         5


Dungeon Overview and Level Annotations

Branches:
Dungeon (2/15)

Altars:
Beogh


Innate Abilities, Weirdness & Mutations

You are resistant to damage.
You can heal yourself by infusing magical energy.
You passively map a small area around you.
You do not regenerate.


Message History

You throw a stone.
The stone closely misses the frilled lizard.
Throw: 55 stones
Press: ? - help, Q - select action, (/) - cycle Shift-Dir - straight line, f/p - frilled lizard
Aim: a frilled lizard (35% to hit)
You throw a stone. The stone hits the frilled lizard.
You kill the frilled lizard!
c - 55 stones (gained 1)
c - 56 stones (gained 1)
Found a scroll labelled SESKAIM CAEKK.
c - 57 stones (gained 1)
l - a scroll labelled NUKHOI HUNG
m - a scroll labelled SESKAIM CAEKK You now have 43 gold pieces (gained 5).
There is an escape hatch in the ceiling here.
A hobgoblin comes into view.
Throw: 57 stones
Press: ? - help, Q - select action, (/) - cycle Shift-Dir - straight line, f - hobgoblin
Aim: a hobgoblin (asleep, 98% to hit)
You throw a stone.
The stone hits the hobgoblin but does no damage.
The hobgoblin shouts!
A ball python comes into view.
The ball python hisses angrily.
Throw: 56 stones
Press: ? - help, Q - select action, (/) - cycle Shift-Dir - straight line, f/p - hobgoblin
Aim: a hobgoblin (56% to hit)
You throw a stone. The stone hits the hobgoblin.
The hobgoblin is moderately wounded.
You closely miss the ball python. The ball python completely misses you.
The ball python barely misses you.
You closely miss the ball python. The ball python barely misses you.
The ball python grabs you. The ball python constricts you.
The ball python bites you.
* * * LOW HITPOINT WARNING * * *
The ball python constricts you.
You hit the ball python.
You kill the ball python!
The hobgoblin hits you.
You die...

#..<...............#
#####
#.##.............### * *
#...###.##.............#
,
.###.##.##............##
** .#
#......#..........##
.###.##.#.#..........# *
* #...###.............##
##>....##.#.........# * ,
##.##.##.######@..## ,
###.......# #g..# # ,
##........# #...# ..
........#.######...###.#.
,
##.#....#.............S..
.................(.......
##.#....#................
,
##........######...###.##
..........# #...# ...


You could see a hobgoblin.

Vanquished Creatures
  A dart slug (D:1)
  4 goblins (D:1)
  2 hobgoblins
  4 ball pythons
  A bat (D:1)
  2 frilled lizards
  2 rats (D:1)
16 creatures vanquished.

Notes
Turn   | Place    | Note
-------+----------+-------------------------------------------
     0 | D:1      | Houston the Deep Dwarf Earth Elementalist began the quest
                  | for the Orb.
     0 | D:1      | Reached XP level 1. HP: 15/15 MP: 3/3
   113 | D:1      | Reached skill level 1 in Transmutations
   486 | D:1      | Reached XP level 2. HP: 8/22 MP: 4/4
   569 | D:1      | Found a faded altar of an unknown god.
  1292 | D:2      | HP: 1/22 [ball python (1)]
  1293 | D:2      | Slain by a hobgoblin

Illustrated notes

Levels and vault maps discovered:
D:1:      saegor_arrival_simple_c, layout_basic,
          hellmonk_ecumenical_altar_defaced_shrine,
          ebering_dispersal_statue_hall
D:2:      layout_loops_cross

Skill      XL: |  1  2 |
---------------+-------+-----
Transmutations | 1 |  1.2
Spellcasting   | 2 |  2.0
Dodging        | |  2.4
Stealth        | |  2.8
Earth Magic    | |  4.2

Action                   || total
-------------------------++-------
Melee: Unarmed           ||    15
       Club              ||    29
Throw: Stone             ||    32
  Use: Scroll            ||     1
Armor: Robe              ||     5
Dodge: Dodged            ||    26

Table legend: (Time is in decaauts)
 A = Elapsed time spent in this place.
 B = Non-inter-level travel time spent in this place.
 C = Inter-level travel time spent in this place.
 D = Time resting spent in this place.
 E = Time spent auto-exploring this place.
 F = Levels seen in this place.
 G = Mean time per level.
                   A        B        C        D        E       F      G
               +--------+--------+--------+--------+--------+-----+--------+
         Total |   1303 |   1160 |    143 |      0 |    603 |   2 |  651.5 |
       Dungeon |   1303 |   1160 |    143 |      0 |    603 |   2 |  651.5 |
               +--------+--------+--------+--------+--------+-----+--------+

Top non-repeatable levels by time:
     D:1: 998 daAuts
     D:2: 305 daAuts
